 Dungeon Crawl Stone Soup version 0.19.3-4-gbf9329e (console) character file.

69 Grinner the Cudgeler (level 4, -2/49 HPs)
             Began as an Ogre Monk on Jan 30, 2017.
             Slain by a worm (3 damage)
             ... on level 2 of the Dungeon.
             The game lasted 00:03:22 (1272 turns).

Grinner the Cudgeler (Ogre Monk)                    Turns: 1272, Time: 00:03:23

Health: -2/49      AC:  3    Str: 19 (22) XL:     4   Next: 20%
Magic:  4/4        EV: 10    Int: 10 (12) God:
Gold:   60         SH:  0    Dex:  9 (12) Spells: 0 memorised, 3 levels left

rFire  + . .     SeeInvis .     a - +0 whip
rCold  . . .     Gourm    .     k - +0 robe
rNeg   . . .     Faith    .     (no shield)
rPois  .         Spirit   .     (helmet restricted)
rElec  .         Reflect  .     (no cloak)
rCorr  .         Harm     .     (gloves unavailable)
MR     .....                    (boots unavailable)
Stlth  +.........               (no amulet)
                                l - ring of protection from fire
                                f - +3 ring of intelligence

@: mighty, lethally poisoned (-2 -> -7), drained
A: unfitting armour, tough skin 1
a: no special abilities


You were on level 2 of the Dungeon.
You were not hungry.

You visited 1 branch of the dungeon, and saw 2 of its levels.

You collected 60 gold pieces.

Inventory:

Hand Weapons
 a - a +0 whip (weapon)
 b - a +0 mace
Armour
 k - a +0 robe (worn)
Jewellery
 f - a +3 ring of intelligence (left hand)
 l - a ring of protection from fire (right hand)
Scrolls
 d - 2 scrolls of identify {unknown}
 e - a scroll of enchant weapon {unknown}
 n - a scroll of blinking {unknown}
Potions
 o - a potion of haste
Comestibles
 c - 2 bread rations


   Skills:
 + Level 4.7(3.8) Fighting
 * Level 5.3(4.4) Maces & Flails
 + Level 1.0(0.2) Throwing
 + Level 3.1(2.2) Dodging
 - Level 1.4(0.5) Stealth


You had 3 spell levels left.
You didn't know any spells.

Dungeon Overview and Level Annotations

Branches:
Dungeon (2/15)

Altars:
Nemelex Xobeh


Innate Abilities, Weirdness & Mutations

You are too large for most types of armour.
You have tough skin. (AC +1)


Message History

It was a potion of might.
You feel very mighty all of a sudden. The frilled lizard closely misses you.
The adder closely misses you.
You miss the adder.
The adder is almost dead.
You feel sick. The frilled lizard barely misses you. The adder bites you.
* * * LOW HITPOINT WARNING * * *
You are lethally poisoned!
The adder poisons you!
You whack the adder!
You kill the adder!
The frilled lizard bites you but does no damage.
You closely miss the frilled lizard.
* * * LOW HITPOINT WARNING * * *
You feel sick. The frilled lizard closely misses you.
You miss the frilled lizard.
* * * LOW HITPOINT WARNING * * *
You feel sick. The frilled lizard barely misses you.
You closely miss the frilled lizard. The worm bites you.
You die...

.#.# #........>....#.. .#.#
#..............#
.#.####..............#
.#...................##
.#...>.###............# .#.....#
#..######.##.#
.......###...#.....##.#######
.......##....#.######.......#####
.......#...#.# #@lK..............
...†...#...#.# #w########(.......
##.....#.#...#.!.#........##.....
#.......#...##....####..K. ....
#.......###.##... ..(..#. ..
##...........+...# ####.....
#.....###.###...# .... ##
######### # #...' .... .# ......


You could see a worm, a kobold and a frilled lizard.

Vanquished Creatures
  3 adders (D:2)
  2 dart slugs
  2 leopard geckos (D:2)
  9 bats
  3 giant cockroaches
  3 hobgoblins
  3 kobolds (D:1)
  2 ball pythons (D:2)
  3 frilled lizards (D:1)
  3 goblins
  5 rats
38 creatures vanquished.

Notes
Turn   | Place    | Note
-------+----------+-------------------------------------------
     0 | D:1      | Grinner the Ogre Monk began the quest for the Orb.
     0 | D:1      | Reached XP level 1. HP: 24/24 MP: 1/1
   313 | D:1      | Reached XP level 2. HP: 32/32 MP: 2/2
   722 | D:1      | Reached XP level 3. HP: 38/40 MP: 3/3
   899 | D:2      | Found a sparkling altar of Nemelex Xobeh.
  1104 | D:2      | Reached skill level 5 in Maces & Flails
  1239 | D:2      | Reached skill level 1 in Throwing
  1239 | D:2      | Reached XP level 4. HP: 23/49 MP: 4/4
  1268 | D:2      | HP: 2/49 [adder (3)]
  1272 | D:2      | Slain by a worm

Skill      XL: |  1  2  3 |
---------------+----------+-----
Maces & Flails | 5 |  5.3
Dodging        | 3 |  3.1
Throwing       | 1 |  1.0
Fighting       | |  4.7
Stealth        | |  1.4

Action                   |  1- 3 |  4- 6 || total
-------------------------+-------+-------++-------
Melee: Mace              |    42 |       ||    42
       Whip              |    88 |    24 ||   112
  Use: Potion            |     2 |     4 ||     6
  Eat: Chunk             |     1 |       ||     1
Armor: Robe              |    42 |    10 ||    52
Dodge: Dodged            |    89 |    25 ||   114
